 Dungeon Crawl Stone Soup version 0.22-a0-253-gf9d0ce56dd (console) character file.

4278 surr the Grappler (level 10, -1/88 HPs)
             Began as a Naga Transmuter on Mar 3, 2018.
             Was an Initiate of Gozag.
             Slain by a wight
             ... wielding a cursed +0 halberd
              (11 damage)
             ... on level 10 of the Dungeon.
             The game lasted 00:25:41 (8628 turns).

surr the Grappler (Naga Transmuter)                 Turns: 8628, Time: 00:25:42

Health: -1/88      AC:  6    Str: 13    XL:     10   Next: 31%
Magic:  14/14      EV: 10    Int: 16    God:    Gozag
Gold:   1008       SH:  0    Dex: 12    Spells: 4/15 levels left

rFire    . . .     SeeInvis +     - Unarmed
rCold    + . .     Gourm    .   (no shield)
rNeg     . . .     Faith    .   t - +1 robe {rC+}
rPois    +         Spirit   .   (no helmet)
rElec    .         Reflect  .   B - +0 cloak
rCorr    .         Harm     .   (no gloves)
MR       +....                  (no barding)
Stlth    ..........             (no amulet)
HPRegen  0.24/turn              u - ring of wizardry
MPRegen  0.14/turn              n - ring of loudness (curse)

@: gold aura, heavily drained, very slow
A: large, see invisible, deformed body, poison resistance, slowness 2, slow
metabolism 1, spit poison 1, AC +3
a: Spit Poison, Potion Petition, Call Merchant, Bribe Branch, Renounce Religion


You were on level 10 of the Dungeon.
You worshipped Gozag.
Gozag was most pleased with you.
You were not hungry.

You visited 1 branch of the dungeon, and saw 9 of its levels.
You also visited: Sewer.

You collected 1851 gold pieces.
You spent 225 gold pieces at shops.
You paid 618 gold pieces to Gozag.

Inventory:

Hand Weapons
 x - the +2 war axe of Jinunt {venom, rElec}
   (You found it in a sewer)

   It poisons the flesh of those it strikes.
   It insulates you from electricity.
 C - the +4 hand axe "Agrikiz" {chop, rN+ MR- Str+10 Int+4, unknown}
   (You found it on level 10 of the Dungeon)

   It inflicts extra damage upon your enemies.
   It affects your strength (+10).
   It affects your intelligence (+4).
   It protects you from negative energy.
   It affects your resistance to hostile enchantments.
Missiles
 a - 196 arrows
Armour
 t - a +1 robe of cold resistance (worn)
 B - a +0 cloak (worn)
Jewellery
 n - a cursed ring of loudness (right hand)
 u - a ring of wizardry (left hand)
 A - an uncursed ring of protection from fire
Wands
 b - a wand of paralysis (27)
 i - a wand of iceblast (6)
 v - a wand of flame (31)
 z - a wand of enslavement (14)
Scrolls
 e - 5 scrolls of remove curse
 l - a scroll of teleportation
 o - a scroll of enchant armour
 p - a scroll of immolation {unknown}
 s - 2 scrolls of amnesia
 y - a scroll of blinking {unknown}
Potions
 c - a potion of curing
 f - a potion of flight
 g - 2 potions of cancellation
 h - a potion of ambrosia
 j - a potion of magic
 m - 2 potions of might
 q - a potion of invisibility
 r - a potion of haste
 w - a potion of resistance {unknown}
Comestibles
 d - 14 rations


   Skills:
 - Level 5.1(3.6) Fighting
 - Level 3.0(1.6) Dodging
 - Level 1.0(0.0) Stealth
 + Level 9.3(7.7) Unarmed Combat
 - Level 3.1(1.7) Spellcasting
 + Level 7.3(5.8) Transmutations
 - Level 2.0(0.7) Poison Magic
 + Level 6.3(4.8) Evocations


You had 4 spell levels left.
You knew the following spells:

 Your Spells              Type           Power        Failure   Level  Hunger
a - Beastly Appendage     Tmut           ###...       1%          1    ##.....
b - Blade Hands           Tmut           ###.......   21%         5    ######.
i - Sticks to Snakes      Tmut           ###.....     1%          2    ###....
s - Spider Form           Tmut/Pois      ##........   7%          3    ####...


Dungeon Overview and Level Annotations

Branches:
Dungeon (8/15)             Temple (0/1) D:6             Orc (0/2) D:10
   Lair: D:8-11

Altars:
Ashenzari
Elyvilon
Gozag
Kikubaaqudgha
Makhleb
Okawaru
Ru
Sif Muna
Trog
Xom
Yredelemnul

Shops:
D:2 *   D:6 *

Annotations:
D:6 MirrMurr's ghost, novice CeBe


Innate Abilities, Weirdness & Mutations

You cannot wear boots.
Your serpentine skin is tough. (AC +3)
You have supernaturally acute eyesight. (SInv)
Armour fits poorly on your strangely shaped body.
Your system is resistant to poisons. (rPois)
You cover ground very slowly.
You have a slow metabolism.
You can spit poison.


Message History

The phantom closely misses you.
You hit the wight.
The wight is almost destroyed.
Your transformation has ended.
Your +0 cloak unmelds from your body.
Your +1 robe of cold resistance unmelds from your body.
You feel resistant to cold. The wight hits you with a halberd!
* * * LOW HITPOINT WARNING * * *
You feel drained.
* * * LOW HITPOINT WARNING * * *
The phantom hits you.
* * * LOW HITPOINT WARNING * * *
You feel better.
The phantom hits you but does no damage.
The wight hits you with a halberd!
* * * LOW HITPOINT WARNING * * *
You feel better. The phantom closely misses you.
The wight hits you with a halberd!
You die...
Your body crumbles into a pile of gold.

###.....####.#
.....8.....#.#
...........#)#
.........!..)#
8....>....8.)# .
...........).# z.
..........)#.##########...
.....8.....#)....W........
###.....####....@z.....)..
...........>....$....|....
..........................
...<......................
.....................$....
(.........................
#######################..[
... ..


You could see a phantom and a wight.

Vanquished Creatures
  A two-headed ogre (D:10)
  3 hippogriffs (D:7)
  A spriggan (D:7)
  Sigmund (D:2)
  2 orc warriors (D:6)
  2 ice beasts
  A phantom (D:7)
  2 black bears (D:7)
  5 ogres
  3 centaurs
  4 bullfrogs
  3 wights (D:10)
  5 crimson imps
  3 bullfrog zombies
  3 hounds
  An orc priest (D:4)
  Crazy Yiuf (D:7)
  A gnoll shaman (D:6)
  5 orc wizards
  An iguana (D:5)
  Terence (D:2)
  7 worker ants
  A hound zombie (D:6)
  11 adders
  9 gnolls
  9 oozes (Sewer)
  An adder zombie (D:7)
  5 worms
  A dart slug (D:2)
  10 leopard geckos
  20 orcs
  17 ball pythons
  14 giant cockroaches
  7 goblins
  6 hobgoblins
  10 jackals
  9 kobolds
  5 quokkas
  12 bats
  19 frilled lizards
  A leopard gecko skeleton (D:5)
  A quokka skeleton (D:6)
  9 rats
  A spectral orc (D:4)
  A bush (D:7)
235 creatures vanquished.

Vanquished Creatures (collateral kills)
  A scorpion (D:10)
  4 orcs (D:10)
5 creatures vanquished.

Vanquished Creatures (others)
  An orc warrior (D:10)
1 creature vanquished.

Grand Total: 241 creatures vanquished

Notes
Turn   | Place    | Note
-------+----------+-------------------------------------------
     0 | D:1      | surr the Naga Transmuter began the quest for the Orb.
     0 | D:1      | Reached XP level 1. HP: 18/18 MP: 3/3
   831 | D:2      | Reached XP level 2. HP: 24/25 MP: 5/5
   856 | D:2      | Reached XP level 3. HP: 31/31 MP: 6/6
   860 | D:2      | Learned a level 2 spell: Sticks to Snakes
   865 | D:2      | Learned a level 3 spell: Spider Form
  1039 | D:2      | Reached skill level 4 in Unarmed Combat
  1174 | D:2      | Found a burning altar of Makhleb.
  1217 | D:2      | Reached skill level 1 in Poison Magic
  1293 | D:2      | Noticed Terence
  1307 | D:2      | Killed Terence
  1307 | D:2      | Reached XP level 4. HP: 35/38 MP: 3/7
  1349 | D:2      | Noticed Sigmund
  1366 | D:2      | Killed Sigmund
  1366 | D:2      | Reached XP level 5. HP: 17/48 MP: 2/8
  1556 | D:2      | Found an opulent altar of Gozag.
  1560 | D:2      | Found Gozag's Platinum Reserve.
  1577 | D:2      | Became a worshipper of Gozag Ym Sagoz the Greedy
  1702 | D:2      | Reached XP level 6. HP: 55/55 MP: 9/9
  1885 | D:3      | Found a sacrificial altar of Ru.
  1931 | D:3      | Reached skill level 5 in Unarmed Combat
  2025 | D:3      | Found a shattered altar of Ashenzari.
  2905 | D:3      | Found a shimmering altar of Xom.
  3009 | D:4      | Reached XP level 7. HP: 53/63 MP: 11/11
  3231 | D:4      | Found an iron altar of Okawaru.
  3556 | D:4      | Found a basalt altar of Yredelemnul.
  3664 | D:5      | Entered Level 5 of the Dungeon
  3715 | D:5      | Reached skill level 6 in Unarmed Combat
  3924 | D:5      | Got a clouded copper amulet
  3934 | D:5      | Reached XP level 8. HP: 68/73 MP: 12/12
  4244 | D:5      | Reached skill level 5 in Fighting
  4630 | D:6      | Identified the amulet "Raapafuq" {Harm *Drain rF+} (You found it on level 5 of the Dungeon)
  4684 | D:6      | Found a glowing drain.
  4735 | D:6      | Bought a polished rapier for 225 gold pieces
  4736 | D:6      | Identified the cursed +1 rapier of Poicijin {vamp, MR+} (You bought it in a shop on level 6 of the Dungeon)
  4743 | Sewer    | Entered a sewer
  5011 | Sewer    | Reached skill level 1 in Stealth
  5093 | Sewer    | Reached skill level 1 in Evocations
  5110 | Sewer    | Got a steaming war axe
  5127 | Sewer    | Identified the +2 war axe of Jinunt {venom, rElec} (You found it in a sewer)
  5264 | D:6      | Reached skill level 7 in Unarmed Combat
  5584 | D:6      | Reached XP level 9. HP: 57/81 MP: 13/13
  5588 | D:6      | Found a deep blue altar of Sif Muna.
  5698 | D:6      | Found a staircase to the Ecumenical Temple.
  5737 | D:6      | Reached skill level 5 in Transmutations
  5997 | D:6      | Noticed MirrMurr's ghost (novice CeBe)
  5998 | D:6      | Found an ancient bone altar of Kikubaaqudgha.
  6319 | D:5      | Learned a level 5 spell: Blade Hands
  7449 | D:7      | Reached skill level 8 in Unarmed Combat
  7586 | D:7      | Reached skill level 5 in Evocations
  8013 | D:7      | Reached XP level 10. HP: 65/88 MP: 10/14
  8024 | D:7      | Found a bloodstained altar of Trog.
  8198 | D:7      | Reached skill level 9 in Unarmed Combat
  8213 | D:7      | Found a white marble altar of Elyvilon.
  8373 | D:7      | Found a runed door.
  8378 | D:7      | Noticed Crazy Yiuf
  8387 | D:7      | Killed Crazy Yiuf
  8471 | D:8      | You fall through a shaft for 2 floors!
  8471 | D:10     | Entered Level 10 of the Dungeon
  8471 | D:10     | Found a staircase to the Orcish Mines.
  8471 | D:10     | Noticed a two-headed ogre
  8497 | D:10     | Killed a two-headed ogre
  8525 | D:10     | Got a smoking hand axe
  8627 | D:10     | HP: 2/88 [wight/halberd (9)]
  8628 | D:10     | Slain by a wight

Vault maps used:
D:1:      lightli_arrival_isolated_outpost
D:2:      nicolae_gozag_zags_fifth_avenue, bloody_makhleb, minmay_octomino_e4,
          uniq_terence, uniq_sigmund
D:3:      ashenzari_conservatory_becter, nicolae_ru_awakened_eye, tgw_xom,
          first_ration, minivault_26
D:4:      okawaru_ov_weapons_minmay, yredelemnul_forgotten_temple_becter
D:6:      kennysheep_orc_sif_temple, kiku_gazebo_pond_becter, temple_green,
          cheibrodos_sewer_entry_bend
D:7:      trog_ov_bears_minmay, lemuel_coloured_pillars_altar, the_bakery,
          grunt_decor_fettered, uniq_crazy_yiuf_cottage
D:8:      led_sif_pool, kennysheep_mini, grunt_lair_entry_orc_guard_hut,
          patterned_corridor
D:10:     david_orc_2
Sewer:    sewer_frog_island_02

Skill      XL: |  1  2  3  4  5  6  7  8  9 10 |
---------------+-------------------------------+-----
Unarmed Combat | 4 5 6 7 8 9 |  9.3
Poison Magic   | 2 |  2.0
Transmutations | 3 4 6 7 |  7.3
Fighting       | 2 3 4 5 |  5.1
Spellcasting   | 3 |  3.1
Dodging        | 2 3 |  3.0
Stealth        | 1 |  1.0
Evocations     | 3 5 6 |  6.3

Action                   |  1- 3 |  4- 6 |  7- 9 | 10-12 || total
-------------------------+-------+-------+-------+-------++-------
Melee: Unarmed           |    42 |    47 |   150 |   133 ||   372
       Headbutt          |     1 |     2 |    17 |    12 ||    32
       Dagger            |       |    86 |   337 |       ||   423
       Punch             |       |     3 |     7 |     3 ||    13
       Rapier            |       |       |    13 |       ||    13
 Cast: Spider Form       |     1 |     3 |    21 |     4 ||    29
       Beastly Appendage |     1 |     9 |    24 |     2 ||    36
       Blade Hands       |       |       |     1 |       ||     1
Invok: Call Merchant     |       |       |     1 |       ||     1
 Abil: Spit Poison       |    18 |    12 |    10 |     2 ||    42
       End Transformatio |       |       |       |     1 ||     1
Evoke: Wand              |       |       |       |     8 ||     8
  Use: Scroll            |       |     1 |     8 |     3 ||    12
       Potion            |       |       |     8 |     2 ||    10
 Stab: Sleeping          |     1 |       |     1 |       ||     2
       Invisible         |       |       |     2 |       ||     2
  Eat: Chunk             |     2 |     1 |       |       ||     3
       Ration            |       |     3 |     6 |       ||     9
Armor: Robe              |    15 |    18 |   124 |    10 ||   167
       Skin              |       |       |    15 |     2 ||    17
Dodge: Dodged            |    29 |    72 |   359 |    63 ||   523

Table legend:
 A = Spawn XP
 B = Non-spawn XP
 C = Spawn XP percentage of total XP
 D = Spawn monster count
 E = Non-spawn monster count
 F = Spawn count percentage of total count
 G = Total turns spent on level
                    A         B        C        D         E        F      G
               +---------+---------+-------+---------+---------+-------+---------
         Total |       0 |    6112 |   0.0 |       0 |     239 |   0.0 |  8628
               +---------+---------+-------+---------+---------+-------+---------
           D:1 |       0 |       7 |   0.0 |       0 |       4 |   0.0 |   780
           D:2 |       0 |     327 |   0.0 |       0 |      35 |   0.0 |  1069
           D:3 |       0 |     278 |   0.0 |       0 |      37 |   0.0 |  1118
           D:4 |       0 |     363 |   0.0 |       0 |      24 |   0.0 |   700
           D:5 |       0 |     534 |   0.0 |       0 |      17 |   0.0 |  1426
           D:6 |       0 |    1137 |   0.0 |       0 |      31 |   0.0 |  1640
           D:7 |       0 |    2192 |   0.0 |       0 |      31 |   0.0 |  1307
          D:10 |       0 |     969 |   0.0 |       0 |      12 |   0.0 |   157
         Sewer |       0 |     305 |   0.0 |       0 |      48 |   0.0 |   403
               +---------+---------+-------+---------+---------+-------+---------
